 Dungeon Crawl Stone Soup version 0.23-a0-54-gae6112e33f (webtiles) character file.

68 Nilun the Skirmisher (level 4, -2/29 HPs)
             Began as a Gargoyle Fighter on Aug 8, 2018.
             Slain by an orc wizard
             ... wielding a +0 dagger
              (3 damage)
             ... on level 3 of the Dungeon.
             The game lasted 00:02:26 (1337 turns).

Nilun the Skirmisher (Gargoyle Fighter)             Turns: 1337, Time: 00:02:26

Health: -2/29      AC: 10    Str: 21    XL:     4   Next: 19%
Magic:  4/4        EV:  7    Int:  8    God:
Gold:   80         SH:  0    Dex:  9    Spells: 3/3 levels left

rFire    . . .     SeeInvis .   a - +0 flail
rCold    . . .     Gourm    .   c - +0 shield
rNeg     + . .     Faith    .   b - +0 scale mail
rPois    ∞         Spirit   .   (no helmet)
rElec    +         Reflect  .   (no cloak)
rCorr    .         Harm     .   (no gloves)
MR       .....                  (no boots)
Stlth    ..........             (no amulet)
HPRegen  0.09/turn              (no ring)
MPRegen  0.09/turn              (no ring)

@: confused
A: negative energy resistance 1, electricity resistance, unbreathing,
petrification resistance, rot immunity, AC +3
a: no special abilities


You were on level 3 of the Dungeon.
You were not hungry.

You visited 1 branch of the dungeon, and saw 3 of its levels.

You collected 80 gold pieces.

Inventory:

Hand Weapons
 a - a +0 flail (weapon)
Armour
 b - a +0 scale mail (worn)
 c - a +0 shield (worn)
Jewellery
 j - a cursed amulet of harm {unknown}
 p - an uncursed ring of ice {unknown}
Wands
 q - a wand of random effects (33)
Scrolls
 e - a scroll of fog {unknown}
 h - 5 scrolls of identify {unknown}
 k - 2 scrolls of remove curse {unknown}
 l - a scroll of magic mapping {unknown}
 m - 2 scrolls of fear {unknown}
 n - a scroll of amnesia {unknown}
 t - 2 scrolls of random uselessness {unknown}
Potions
 d - a potion of might
 g - 2 potions of heal wounds {unknown}
 i - a potion of invisibility {unknown}
 r - a potion of degeneration {unknown}
 s - a potion of curing {unknown}
 u - a potion of haste {unknown}
 v - a potion of lignification {unknown}
Comestibles
 f - 3 rations
 o - 4 chunks of flesh


   Skills:
 + Level 3.9 Fighting
 + Level 3.0 Maces & Flails
 + Level 3.6 Armour
 + Level 0.4 Dodging
 + Level 3.7 Shields


You had 3 spell levels left.
You didn't know any spells.
Your spell library was empty.

Dungeon Overview and Level Annotations

Branches:
Dungeon (3/15)

Altars:


Innate Abilities, Weirdness & Mutations

You are resistant to torment.
Your stone body is resilient. (AC +3)
You are immune to poison.
You resist negative energy. (rN+)
You are resistant to electric shocks. (rElec)
You can survive without breathing.
You are immune to petrification.
You are immune to rotting.


Message History

The orc hits you with a war axe.
* * * LOW HITPOINT WARNING * * *
The orc priest looks satisfied for a moment.
Something hits you but does no damage.
You bump into the rock wall.
The orc hits you with a war axe.
* * * LOW HITPOINT WARNING * * *
Something hits you but does no damage.
You barely miss the orc. The orc barely misses you.
Something hits you but does no damage.
You closely miss the orc. Something hits you but does no damage.
The orc hits you but does no damage.
You bump into the rock wall.
You hear some strange, mumbled words.
Something tries to affect you, but you resist.
The orc barely misses you.
Your scale mail prevents you from hitting the orc.
Something hits you.
* * * LOW HITPOINT WARNING * * *
The orc barely misses you. Something hits you.
You die...

..# #.# #.# ##.## ... #.#
#.########.#######.#
...........o@{o{oo.#
#..........#########
#.######.#.#.. #.#.#.#
.######.#.#.#
........#.#.#############
........................#
.######.#.#.###.#######.##
#.#............<#..#


You could see an orc priest and 3 orcs.

Vanquished Creatures
  An adder (D:3)
  2 worms (D:2)
  3 dart slugs
  2 leopard geckos (D:2)
  A ball python (D:2)
  7 bats
  5 giant cockroaches
  7 goblins
  A hobgoblin (D:1)
  6 kobolds
  3 frilled lizards (D:1)
  6 rats
44 creatures vanquished.

Notes
Turn   | Place    | Note
-------+----------+-------------------------------------------
     0 | D:1      | Nilun the Gargoyle Fighter began the quest for the Orb.
     0 | D:1      | Reached XP level 1. HP: 14/14 MP: 1/1
    72 | D:1      | Reached XP level 2. HP: 17/19 MP: 2/2
   512 | D:1      | Reached XP level 3. HP: 22/24 MP: 3/3
  1188 | D:3      | Reached XP level 4. HP: 29/29 MP: 4/4
  1337 | D:3      | HP: 1/29 [something (4)]
  1337 | D:3      | Slain by an orc wizard

Vault maps used:
D:1:      scummos_arrival_simple_crosswalls
D:2:      st_stairs_8

Skill      XL: |  1  2  3  4 |
---------------+-------------+-----
Maces & Flails | 3 |  3.0
Fighting       | |  3.9
Armour         | |  3.6
Dodging        | |  0.4
Shields        | |  3.7

Action                   |  1- 3 |  4- 6 || total
-------------------------+-------+-------++-------
Melee: Flail             |   109 |    24 ||   133
  Eat: Chunk             |     1 |     1 ||     2
Armor: Scale mail        |    59 |    19 ||    78
Dodge: Dodged            |    38 |     7 ||    45
Block: Shield            |    56 |    10 ||    66

Table legend:
 A = Spawn XP
 B = Non-spawn XP
 C = Spawn XP percentage of total XP
 D = Spawn monster count
 E = Non-spawn monster count
 F = Spawn count percentage of total count
 G = Total turns spent on level
                    A         B        C        D         E        F      G
               +---------+---------+-------+---------+---------+-------+---------
         Total |       0 |      98 |   0.0 |       0 |      44 |   0.0 |  1337
               +---------+---------+-------+---------+---------+-------+---------
           D:1 |       0 |      37 |   0.0 |       0 |      21 |   0.0 |   685
           D:2 |       0 |      44 |   0.0 |       0 |      19 |   0.0 |   495
           D:3 |       0 |      17 |   0.0 |       0 |       4 |   0.0 |   157
               +---------+---------+-------+---------+---------+-------+---------
